 Dungeon Crawl Stone Soup version 0.26.0-41-g79a4fc7684 (webtiles) character file.

Game seed: 10937435195861434242

3959 thiole the Fighter (level 10, -1/71 (74) HPs)
             Began as an Octopode Hedge Wizard on Jan 27, 2021.
             Was an Initiate of Gozag.
             Slain by a yak (16 damage)
             ... on level 11 of the Dungeon.
             The game lasted 00:51:17 (15407 turns).

thiole the Fighter (Octopode Hedge Wizard)         Turns: 15407, Time: 00:51:17

HP:   -1/71 (74)    AC:  1    Str: 14    XL:     10   Next: 22%
MP:   2/18          EV: 13    Int: 19    God:    Gozag
Gold: 1673          SH:  5    Dex: 12    Spells: 1/20 levels left

rFire    + + .     SeeInvis .   a - +1 dagger (venom)
rCold    . . .     Faith    .   (no shield)
rNeg     . . .     Spirit   .   b - +0 hat
rPois    .         Reflect  +   r - amulet of reflection
rElec    .         Harm     .   (no ring)
rCorr    .         Rampage  .   (no ring)
Will     +....                  (no ring)
Stlth    ++++......             (no ring)
HPRegen  0.21/turn              (no ring)
MPRegen  0.16/turn              (no ring)
                                (no ring)
                                (no ring)

@: lethally poisoned (-1 -> -2), about to teleport, marked, lightly drained
A: almost no armour, stealthy swim, amphibious, 8 rings, constrict 8, camouflage
1, fire resistance 2, strong-willed 1, strong 2, gelatinous body 1
a: Renounce Religion, Potion Petition, Call Merchant, Bribe Branch


You were on level 11 of the Dungeon.
You worshipped Gozag.
Gozag was most pleased with you.
You visited 2 branches of the dungeon, and saw 12 of its levels.
You also visited: Bailey.

You collected 1719 gold pieces.
You paid 46 gold pieces to Gozag.

Inventory:

Hand Weapons
 a - a +1 dagger of venom (weapon)
 e - a +2 whip of draining
Missiles
 g - 24 poisoned darts (quivered)
Armour
 b - a +0 hat (worn)
Jewellery
 p - an uncursed amulet of faith
 r - an amulet of reflection (around mantle)
 D - the ring of Zodaor {*Corrode +Inv rElec EV-4 Str+3}
   (You found it on level 9 of the Dungeon)

   [ring of evasion]

   It affects your evasion (-4).
   It affects your strength (+3).
   It insulates you from electricity.
   It lets you turn invisible.
   It may corrode you when you take damage.
Wands
 d - a wand of iceblast (9)
 w - a wand of flame (34)
 y - a wand of acid (4)
Scrolls
 f - a scroll of magic mapping {unknown}
 h - 5 scrolls of remove curse
 i - 7 scrolls of identify
 j - a scroll of fog {unknown}
 k - 6 scrolls of teleportation
 n - 2 scrolls of fear {unknown}
 o - 4 scrolls of enchant weapon {unknown}
 u - a scroll of blinking {unknown}
 E - a scroll of random uselessness {unknown}
Potions
 c - 2 potions of attraction
 l - 2 potions of brilliance {unknown}
 m - 4 potions of lignification {unknown}
 q - a potion of berserk rage
 t - a potion of heal wounds
 v - a potion of flight {unknown}
 x - 2 potions of curing {unknown}
 z - a potion of invisibility {unknown}
 B - 3 potions of resistance {unknown}
 C - a potion of cancellation {unknown}
Miscellaneous
 s - a lightning rod (inert)
 A - a lightning rod (inert)


   Skills:
 + Level 9.2 Fighting
 - Level 2.0 Dodging
 - Level 5.0 Stealth
 - Level 5.5 Spellcasting
 * Level 2.7 Conjurations
 - Level 2.0 Hexes
 - Level 5.0 Summonings
 - Level 1.0 Translocations
 * Level 1.6 Fire Magic
 - Level 6.3 Air Magic
 - Level 2.0 Poison Magic


You had one spell level left.
You knew the following spells:

 Your Spells              Type           Power        Failure   Level
a - Magic Dart            Conj           60%          3%          1
b - Call Imp              Summ           24%          2%          2
c - Blink                 Tloc           N/A          12%         2
d - Mephitic Cloud        Conj/Pois/Air  19%          8%          3
e - Slow                  Hex            12%          8%          2
f - Summon Lightning Spi  Summ/Air       26%          12%         4
g - Fireball              Conj/Fire      6%           78%         5

Your spell library contained the following spells:

 Spells                   Type           Power        Failure   Level
 Summon Small Mammal      Summ           96%          1%          1
 Foxfire                  Conj/Fire      52%          4%          1
 Call Canine Familiar     Summ           24%          4%          3
 Summon Guardian Golem    Hex/Summ       18%          9%          3
 Conjure Flame            Conj/Fire      13%          14%         3
 Confusing Touch          Hex            12%          16%         3
 Inner Flame              Hex/Fire       12%          17%         3
 Gell's Gravitas          Tloc           4%           22%         3
 Summon Ice Beast         Ice/Summ       14%          38%         4
 Sticky Flame             Conj/Fire      13%          43%         4
 Petrify                  Tmut/Erth      5%           75%         4
 Metabolic Englaciation   Hex/Ice        4%           91%         5
 Yara's Violent Unravell  Hex/Tmut       4%           91%         5


Dungeon Overview and Level Annotations

Branches:
Dungeon (11/15)            Temple (1/1) D:4            Lair (0/6) D:9
    Orc (0/2) D:10         Bailey (visited)

Altars:
Ashenzari
Cheibriados
Dithmenos
Elyvilon
Fedhas
Gozag
Hepliaklqana
Kikubaaqudgha
Makhleb
Nemelex Xobeh
Okawaru
Qazlal
Ru
Sif Muna
Trog
Uskayaw
Vehumet
Wu Jian
Xom
Yredelemnul
Zin
The Shining One

Shops:
D:6 :

Annotations:
D:7 3 runed translucent doors, Gadfly's ghost, novice HaFi; shummie's ghost, novice GrFi
D:10 Harold


Innate Abilities, Weirdness & Mutations

You cannot wear most types of armour.
You are very stealthy in the water. (Stealth+)
You are amphibious.
You can wear up to eight rings at the same time.
You can use your tentacles to constrict eight enemies at once.
Your skin changes colour to match your surroundings (Stealth+).
Your rubbery body absorbs attacks. (AC +1, EV +1)
Your flesh is very heat resistant. (rF++)
You are strong-willed. (Will+)
Your muscles are very strong. (Str +4)


Message History

The orc wizard hits the wight with a +0 dagger.
The worker ant barely misses the wight.
There is a stone staircase leading down here.
The worker ant misses the wight.
The worker ant barely misses itself.
The orc wizard misses the wight.
The wight hits you from afar with a +4 spear.
You climb downwards.
Reactivating autopickup.
A hydra, 3 yaks and a sky beast come into view.
There is a stone staircase leading up here.
As you read the scroll of teleportation, it crumbles to dust.
You feel strangely unstable.
You feel sick.
The yak bellows! x3
The yak barely misses you. You block the yak's attack. The yak gores you! x2
* * * LOW HITPOINT WARNING * * *
The yak gores you!
You die...
Your body crumbles into a pile of gold.

## #.# #..
###..# ##....#
###.....#
$...#...Y...####
..D...Y@Y.....#
...............
.####...##.Y..#
#..## ..## #..
.# #.. # #.# ..


You could see a seven-headed hydra, 3 yaks and a sky beast.

Vanquished Creatures
  An orc knight (Bailey)
  A nameless horror (Bailey)
  2 water moccasins
  Menkaure (D:5)
  3 orc warriors (Bailey)
  2 sky beasts
  2 ice beasts (D:5)
  2 phantoms
  3 centaurs
  A big kobold (D:4)
  5 bullfrogs
  A scorpion (D:8)
  A wight (D:9)
  A howler monkey (D:4)
  A centaur zombie (D:10)
  An orc priest (D:3)
  3 hounds
  An orc wizard (D:7)
  Natasha (D:3)
  2 worker ants (D:6)
  A hound zombie (D:9)
  Robin (D:3)
  A worker ant zombie (D:8)
  4 gnolls (D:3)
  9 adders
  A shadow imp (D:6)
  2 white imps
  2 adder zombies
  2 adder skeletons (D:6)
  2 worms
  A dart slug (D:4)
  6 leopard geckos
  15 orcs
  3 giant cockroaches (D:3)
  12 goblins
  8 hobgoblins
  11 jackals
  4 kobolds
  6 quokkas
  A ball python (D:6)
  8 bats
  3 frilled lizards
  A leopard gecko skeleton (D:7)
  10 rats
149 creatures vanquished.

Vanquished Creatures (collateral kills)
  3 wyverns (D:9)
  A basilisk (D:9)
  An acid dragon (D:9)
  9 orc warriors
  3 ogres
  An eye of draining (D:9)
  A centaur (D:9)
  2 bullfrogs (D:9)
  2 scorpions (D:5)
  A bullfrog zombie (D:9)
  A howler monkey (D:6)
  A centaur zombie (D:3)
  A hound (D:9)
  A jelly (D:8)
  2 orc priests
  Natasha (twice) (D:3)
  An iguana (D:9)
  3 orc wizards
  3 worker ants
  A killer bee zombie (D:6)
  2 adders
  A leopard gecko (D:9)
  21 orcs
  3 hobgoblins
  2 jackals (D:3)
  6 goblins
75 creatures vanquished.

Vanquished Creatures (others)
  2 goblins (D:2)
  A quokka (D:8)
  5 withered plants (D:7)
8 creatures vanquished.

Grand Total: 232 creatures vanquished

Notes
Turn   | Place    | Note
-------+----------+-------------------------------------------
     0 | D:1      | thiole the Octopode Hedge Wizard began the quest for the
                  | Orb.
     0 | D:1      | Reached XP level 1. HP: 11/11 MP: 4/4
   159 | D:1      | Reached XP level 2. HP: 17/17 MP: 3/6
   192 | D:1      | Learned a level 2 spell: Call Imp
   195 | D:1      | Learned a level 2 spell: Blink
   941 | D:2      | Reached XP level 3. HP: 21/21 MP: 7/7
  1056 | D:2      | Reached XP level 4. HP: 18/27 MP: 2/9
  1327 | D:2      | Learned a level 3 spell: Mephitic Cloud
  1509 | D:2      | Found a radiant altar of Vehumet.
  2022 | D:3      | Gained mutation: Your muscles are strong. (Str +2) [potion
                  | of mutation]
  2022 | D:3      | Gained mutation: You evolve. [potion of mutation]
  2022 | D:3      | Gained mutation: Your flesh is heat resistant. (rF+)
                  | [potion of mutation]
  2064 | D:3      | Noticed Natasha
  2072 | D:3      | Reached skill level 1 in Poison Magic
  2072 | D:3      | Reached XP level 5. HP: 22/31 MP: 3/10
  2269 | D:4      | Reached skill level 1 in Air Magic
  2337 | D:4      | Found a staircase to the Ecumenical Temple.
  2344 | Temple   | Entered the Ecumenical Temple
  2349 | Temple   | Became a worshipper of Gozag Ym Sagoz the Greedy
  2982 | D:4      | Noticed a big kobold
  3013 | D:4      | Killed a big kobold
  3014 | D:4      | Reached skill level 5 in Stealth
  3014 | D:4      | Reached skill level 1 in Fighting
  3014 | D:4      | Reached XP level 6. HP: 31/38 MP: 10/12
  3017 | D:4      | Learned a level 2 spell: Slow
  3402 | D:4      | Gained mutation: Your muscles are very strong. (Str +4)
                  | [evolution]
  3678 | D:3      | Found a sacrificial altar of Ru.
  3683 | D:3      | Reached skill level 2 in Fighting
  3683 | D:3      | Reached skill level 1 in Hexes
  3690 | D:3      | Killed Natasha
  3890 | D:3      | Noticed Natasha
  3899 | D:3      | Killed Natasha
  3922 | D:3      | Noticed Natasha
  3926 | D:3      | Killed Natasha
  4043 | D:3      | Noticed a water moccasin
  4074 | D:3      | Noticed Robin
  4079 | D:3      | Killed Robin
  4342 | D:3      | Killed a water moccasin
  4343 | D:3      | Reached skill level 3 in Fighting
  4343 | D:3      | Reached XP level 7. HP: 32/46 MP: 1/13
  4516 | D:3      | Gained mutation: Your flesh is very heat resistant. (rF++)
                  | [evolution]
  5017 | D:5      | Entered Level 5 of the Dungeon
  5017 | D:5      | Noticed Menkaure
  5156 | D:5      | You fall into a shaft and drop 3 floors!
  5201 | D:8      | Reached skill level 4 in Fighting
  5446 | D:8      | Found a glowing silver altar of Zin.
  5590 | D:8      | Noticed a two-headed ogre
  5648 | D:6      | Noticed a +0 dagger
  5648 | D:6      | Noticed a -1 hand axe
  5651 | D:6      | Found a hide-covered altar of Uskayaw.
  5782 | D:6      | Reached skill level 5 in Fighting
  6141 | D:6      | Reached XP level 8. HP: 57/57 MP: 14/14
  6296 | D:6      | Found Gaen's Book Emporium.
  6352 | D:6      | Reached skill level 6 in Fighting
  6403 | D:6      | Found a burning altar of Makhleb.
  7116 | D:5      | Killed Menkaure
  7349 | D:5      | Found a white marble altar of Elyvilon.
  7505 | D:5      | Reached skill level 7 in Fighting
  8151 | D:5      | Found a sparkling altar of Nemelex Xobeh.
  8305 | D:6      | Reached skill level 8 in Fighting
  8374 | D:6      | Learned a level 4 spell: Summon Lightning Spire
  8387 | D:6      | Found a bloodstained altar of Trog.
  8586 | D:6      | Gained mutation: You are strong-willed. (Will+) [evolution]
  8586 | D:6      | Lost mutation: You evolve. [end of evolution]
  9149 | D:7      | Found a sacrificial altar of Ru.
  9379 | D:7      | Reached XP level 9. HP: 44/67 MP: 2/15
  9565 | D:7      | Found a runed translucent gate.
  9565 | D:7      | Found a runed translucent gate.
  9565 | D:7      | Found a runed translucent gate.
  9569 | D:7      | Noticed Gadfly's ghost (novice HaFi)
  9569 | D:7      | Noticed shummie's ghost (novice GrFi)
  9816 | D:7      | Found an ornate altar of the Wu Jian Council.
 10203 | D:8      | Noticed a hornet
 10534 | D:9      | Found a flagged portal.
 10611 | Bailey   | Entered a bailey
 11269 | Bailey   | HP: 3/67 [orc warrior/bolt (24)]
 13231 | Bailey   | Noticed a nameless horror
 13237 | Bailey   | Killed a nameless horror
 13451 | Bailey   | Noticed an orc knight
 13494 | Bailey   | Killed an orc knight
 13495 | Bailey   | Reached skill level 5 in Spellcasting
 13495 | Bailey   | Reached skill level 5 in Air Magic
 13723 | D:9      | Reached skill level 9 in Fighting
 13922 | D:9      | Reached XP level 10. HP: 74/74 MP: 8/18
 14188 | D:9      | Learned a level 5 spell: Fireball
 14197 | D:9      | Found a staircase to the Lair.
 14339 | D:9      | Got a heavily runed brass ring
 14393 | D:9      | Identified the cursed ring of Zodaor {*Corrode +Inv rElec
                  | EV-4 Str+3} (You found it on level 9 of the Dungeon)
 14417 | D:9      | Found a broken altar of Ashenzari.
 14445 | D:9      | Reached skill level 1 in Fire Magic
 15191 | D:10     | Entered Level 10 of the Dungeon
 15193 | D:10     | Found a staircase to the Orcish Mines.
 15206 | D:10     | Noticed Harold
 15222 | D:10     | Reached skill level 5 in Summonings
 15404 | D:11     | Noticed a seven-headed hydra
 15407 | D:11     | Slain by a yak

Illustrated notes

Levels and vault maps discovered:
D:1:      dpeg_arrival_rhombus, layout_rooms
D:2:      cheibrodos_old_hovel, layout_basic, fiery_altar_vehumet
D:3:      layout_basic, old_standard_altar, uniq_natasha, uniq_robin
D:4:      layout_loops_corners, minmay_temple_entry_slanted,
          uniq_crazy_yiuf_cottage
D:5:      layout_basic, general_overflow_altar, serial_bayou_pond_d,
          nemelex_diamond_rough_becter, uniq_menkaure
D:6:      layout_layer_cave, dancing_weapons_uskayaw, bloody_makhleb,
          serial_shops, nicolae_shop_stone, basic_altar
D:7:      layout_rooms, basic_altar, gammafunk_ghost_cemetery,
          nicolae_ru_awakened_eye
D:8:      layout_loops_ring, nicolae_overflow_hidden_temple
D:9:      layout_gridville, evilmike_ruin_ashenzari, erik_lair_dragon,
          enter_bailey_4
D:10:     layout_rooms, david_orc_2, serial_shops, kennysheep_mini_moat,
          uniq_maggie, uniq_harold
D:11:     layout_layer_cave, minmay_the_grid_square_5x5_3x3_mashed
          [minmay_the_grid_square_5x5_comb,
          minmay_the_grid_square_5x5_minivault,
          minmay_the_grid_square_5x5_misaligned,
          minmay_the_grid_square_5x5_lines,
          minmay_the_grid_square_5x5_megaprize_checkered,
          minmay_the_grid_square_5x5_six_small,
          minmay_the_grid_square_5x5_slash, minmay_the_grid_square_5x5_c,
          minmay_the_grid_square_5x5_broken_cross]
Temple:   minmay_freezing_vapour_temple

Skill      XL: |  1  2  3  4  5  6  7  8  9 10 |
---------------+-------------------------------+-----
Stealth        | 3 4 5 |  5.0
Conjurations   | 2 |  2.7
Summonings     | 2 4 5 |  5.0
Poison Magic   | 1 2 |  2.0
Air Magic      | 2 3 6 |  6.3
Spellcasting   | 4 5 |  5.5
Fighting       | 1 3 5 8 9 |  9.2
Hexes          | 2 |  2.0
Fire Magic     | 1 |  1.6
Dodging        | |  2.0
Translocations | |  1.0

Action                   |  1- 3 |  4- 6 |  7- 9 | 10-12 || total
-------------------------+-------+-------+-------+-------++-------
Melee: Dagger            |    20 |    71 |   136 |    19 ||   246
       Constrict         |     5 |    18 |    33 |     5 ||    61
       Tentacles         |     4 |    16 |    25 |     5 ||    50
Throw: Dart              |     8 |    38 |       |       ||    46
 Cast: Magic Dart        |    42 |    39 |   164 |    33 ||   278
       Call Imp          |     2 |    35 |    74 |       ||   111
       Mephitic Cloud    |       |       |     4 |     5 ||     9
       Summon Lightning  |       |       |    58 |    18 ||    76
       Blink             |       |       |     2 |       ||     2
       Slow              |       |       |     1 |       ||     1
Evoke: Wand              |       |       |     5 |       ||     5
       Lightning rod     |       |       |     4 |       ||     4
  Use: Scroll            |       |     3 |     6 |     4 ||    13
       Potion            |       |     3 |     5 |       ||     8
 Stab: Distracted        |       |     1 |     2 |       ||     3
       Paralysed         |       |       |     2 |       ||     2
       Sleeping          |       |       |     2 |       ||     2
       Confused          |       |       |     1 |       ||     1
Armor: Skin              |     2 |     3 |     5 |     1 ||    11
Dodge: Dodged            |    16 |    39 |    97 |    22 ||   174
Block: Other             |       |    11 |    29 |     9 ||    49
       Reflection        |       |     1 |     8 |       ||     9
